 Dungeon Crawl Stone Soup version 0.28.0-1-gb440e238dd (webtiles) character file.

Game seed: 15927992087150215358

1357 Dirian the Cleaver (level 8, 0/57 HPs)
             Began as a Hill Orc Wanderer on Feb 19, 2022.
             Slain by a scorpion (6 damage)
             ... on level 6 of the Dungeon.
             The game lasted 00:07:35 (6305 turns).

Dirian the Cleaver (Hill Orc Wanderer)              Turns: 6305, Time: 00:07:36

Health: 0/57       AC: 16    Str: 17    XL:     8   Next: 64%
Magic:  8/8        EV:  5    Int:  8    God:
Gold:   141        SH:  0    Dex: 14    Spells: 7/7 levels left

rFire   . . .      SeeInvis .   f - +0 morningstar (venom)
rCold   + . .      Faith    .   (no shield)
rNeg    . . .      Spirit   .   j - +1 plate armour
rPois   .          Reflect  .   (no helmet)
rElec   .          Harm     .   (no cloak)
rCorr   .          Rampage  .   l - +1 pair of gloves
Will    .....                   (no boots)
Stlth   ..........              (no amulet)
HPRegen 0.19/turn               k - ring of protection from cold
MPRegen 0.11/turn               (no ring)

@: lethally poisoned (0 -> -5)
A: no striking features
a: no special abilities


You were on level 6 of the Dungeon.
You visited 1 branch of the dungeon, and saw 6 of its levels.

You collected 141 gold pieces.

Inventory:

Hand Weapons
 f - a +0 morningstar of venom (weapon)
Missiles
 a - 3 poisoned darts (quivered)
Armour
 j - a +1 plate armour (worn)
 l - a +1 pair of gloves (worn)
Jewellery
 k - a ring of protection from cold (left hand)
Scrolls
 h - a scroll of summoning
 m - 3 scrolls of enchant armour
Potions
 n - a potion of brilliance
 o - a potion of flight {unknown}
 q - 2 potions of curing


   Skills:
 - Level 3.0 Short Blades
 * Level 10.9 Axes
 - Level 1.1(5.8) Maces & Flails
 - Level 1.7 Throwing
 + Level 6.4 Armour
 - Level 1.0 Dodging
 - Level 1.2 Invocations
 - Level 1.0 Evocations


You had 7 spell levels left.
You didn't know any spells.
Your spell library contained the following spells:

 Spells                   Type           Power      Damage    Failure   Level
 Blink                    Tloc           0%         N/A       100%        2
 Call Canine Familiar     Summ           0%         N/A       100%        3
 Gell's Gravitas          Tloc           0%         N/A       100%        3
 Lesser Beckoning         Tloc           0%         N/A       100%        3
 Portal Projectile        Hex/Tloc       0%         N/A       100%        3
 Teleport Other           Tloc           0%         N/A       100%        3
 Leda's Liquefaction      Hex/Erth       0%         N/A       100%        4
 Manifold Assault         Tloc           0%         N/A       100%        5
 Dispersal                Tloc           0%         N/A       100%        6


Dungeon Overview and Level Annotations

Branches:
Dungeon (6/15)
 Temple: D:4-7

Altars:
Gozag

Shops:
D:3 *[:?

Annotations:
D:5 1 runed translucent door, Raspi's ghost, novice TeBr


Message History

You hit the ogre.
The ogre is poisoned.
The ogre is lightly wounded.
The ogre closely misses you.
You closely miss the ogre.
The ogre is lightly wounded.
The ogre hits you with a +0 giant club.
You barely miss the ogre.
The ogre is lightly wounded.
The scorpion stings you.
You are poisoned.
The scorpion poisons you!
The scorpion stings you but does no damage.
The ogre completely misses you.
You hit the ogre.
The ogre looks as sick as possible!
The ogre is moderately wounded.
You feel sick.
The scorpion stings you but does no damage.
The ogre barely misses you.
You barely miss the ogre.
The ogre is moderately wounded.
You feel sick. The scorpion stings you.
You are more poisoned.
The scorpion poisons you! The scorpion barely misses you.
You hit the ogre.
The ogre looks as sick as possible!
The ogre is heavily wounded.
You feel very sick. The ogre hits you with a +0 giant club!
* * * LOW HITPOINT WARNING * * *
The scorpion stings you but does no damage.
You hit the ogre.
The ogre looks as sick as possible!
The ogre is heavily wounded.
You feel very sick. The ogre barely misses you.
The scorpion stings you but does no damage.
You hit the ogre.
The ogre is almost dead.
You feel sick. The scorpion stings you.
* * * LOW HITPOINT WARNING * * *
The ogre completely misses you. The scorpion stings you.
You die...

... ##. ##. ...
...##... .. .......
#.## .
##.....###...##..
#..#.....).......
##...............
#................
##......@s......
###...#.O...#.. .
##....#........ ...
##.).#......##..
.?..####....#........ .
........)..##..#..##..
.....#.<#..###.........
... ####.#.##...#.. ..
. ........##..


You could see an ogre (extremely poisoned) and a scorpion.

Vanquished Creatures
  An ice beast (D:5)
  3 ogres
  A centaur (D:4)
  2 phantoms (D:5)
  A kobold brigand (D:6)
  3 scorpions
  A howler monkey (D:5)
  A bullfrog zombie (D:5)
  3 hounds (D:5)
  A gnoll shaman (D:5)
  4 bullfrog skeletons (D:5)
  A centaur skeleton (D:5)
  Jessica (D:2)
  5 adders
  4 gnolls (D:5)
  2 ufetubi (D:5)
  2 worms
  2 dart slugs
  An orc (D:5)
  6 endoplasms
  6 giant cockroaches
  6 goblins
  6 hobgoblins
  6 kobolds
  3 quokkas
  10 ball pythons
  5 bats
  3 frilled lizards
  3 rats
93 creatures vanquished.

Notes
Turn   | Place    | Note
-------+----------+-------------------------------------------
     0 | D:1      | Dirian the Hill Orc Wanderer began the quest for the Orb.
     0 | D:1      | Dirian set off with the following items: a +2 short sword,
                  | a +0 mace, 12 poisoned darts, a +0 dagger, a +0 leather
                  | armour
     0 | D:1      | Reached XP level 1. HP: 14/14 MP: 1/1
   432 | D:1      | Reached skill level 1 in Axes
   512 | D:1      | Reached XP level 2. HP: 6/20 MP: 2/2
  1033 | D:1      | Found a faded altar of an unknown god.
  1191 | D:1      | Reached skill level 2 in Axes
  1375 | D:2      | Noticed Jessica
  1381 | D:2      | Killed Jessica
  1382 | D:2      | Reached skill level 3 in Axes
  1382 | D:2      | Reached XP level 3. HP: 11/26 MP: 3/3
  1726 | D:2      | Reached XP level 4. HP: 23/33 MP: 4/4
  1912 | D:2      | Reached skill level 4 in Axes
  2306 | D:3      | Found Wined's Assorted Antiques.
  2347 | D:3      | Found Henuvuska's Assorted Antiques.
  2408 | D:3      | Found Nounor's Armour Shop.
  2576 | D:3      | Found Uwat's Magic Scroll Boutique.
  2690 | D:3      | Found Ugilio's Book Shoppe.
  2981 | D:3      | Reached XP level 5. HP: 38/38 MP: 5/5
  3110 | D:4      | Reached skill level 5 in Axes
  3189 | D:4      | Noticed a centaur
  3410 | D:4      | Killed a centaur
  3411 | D:4      | Reached skill level 6 in Axes
  3411 | D:4      | Reached XP level 6. HP: 30/45 MP: 6/6
  3953 | D:4      | Reached skill level 7 in Axes
  4196 | D:5      | Entered Level 5 of the Dungeon
  4208 | D:5      | Reached XP level 7. HP: 44/50 MP: 7/7
  4379 | D:5      | Reached skill level 8 in Axes
  4567 | D:5      | Found a runed translucent door.
  4582 | D:5      | Reached skill level 5 in Armour
  4590 | D:5      | Reached skill level 9 in Axes
  4596 | D:5      | Reached XP level 8. HP: 27/57 MP: 8/8
  4841 | D:5      | Noticed Raspi's ghost (novice TeBr)
  5147 | D:5      | Reached skill level 10 in Axes
  5661 | D:5      | Found an opulent altar of Gozag.
  6305 | D:6      | Slain by a scorpion

Illustrated notes

Levels and vault maps discovered:
D:1:      dpeg_arrival_rooms_c, layout_basic,
          ebering_ecumenical_altar_sacrificial, amcnicky_mini_corridor_feature
D:2:      layout_rooms, minmay_misc_feat_iff, uniq_jessica
D:3:      layout_loops_ring, serial_shops, shop, shop,
          nicolae_shop_behind_doors, shop, nicolae_shop_hallway_plus
D:4:      layout_loops_ring
D:5:      layout_basic, lemuel_coloured_pillars_altar,
          ebering_ghost_reflecting_pool, minmay_bent
D:6:      layout_cave_pools, mainiacjoe_overflow_alcove_2, old_standard_altar,
          mainiacjoe_overflow_24_doors, grunt_decor_arrowhead, uniq_menkaure,
          uniq_sigmund

Skill      XL: |  1  2  3  4  5  6  7  8 |
---------------+-------------------------+-----
Axes           | 1 3 4 6 7 9 10 | 10.9
Armour         | 2 3 4 5 6 |  6.4
Short Blades   | |  3.0
Maces & Flails | |  1.1
Throwing       | |  1.7
Dodging        | |  1.0
Invocations    | |  1.2
Evocations     | |  1.0

Action                   |  1- 3 |  4- 6 |  7- 9 || total
-------------------------+-------+-------+-------++-------
Melee: Morningstar       |    77 |   104 |   156 ||   337
       Short sword       |     4 |       |       ||     4
       Punch             |     1 |     3 |     2 ||     6
  Use: Scroll            |     1 |     5 |     4 ||    10
       Potion            |       |       |     1 ||     1
Armor: Ring mail         |    29 |    48 |    52 ||   129
       Leather armour    |     2 |       |       ||     2
       Skin              |       |       |    63 ||    63
       Plate armour      |       |       |    18 ||    18
Dodge: Dodged            |    48 |    67 |    97 ||   212
